 Dungeon Crawl Stone Soup version 0.29-a0-486-ga88943ba61 (webtiles) character file.

Game seed: 8245984573609203519

4598 Morbidden the Grappler (level 10, -13/89 (91) HPs)
             Began as a Troll Air Elementalist on May 26, 2022.
             Was a Believer of Cheibriados.
             Mangled by a large abomination (32 damage)
             ... on level 1 of the Abyss.
             The game lasted 00:12:14 (7455 turns).

Morbidden the Grappler (Troll Air Elementalist)     Turns: 7455, Time: 00:12:14

HP:   -13/89 (91)   AC: 10    Str: 24    XL:     10   Next: 19%
MP:   13/13         EV: 11    Int: 21    God:    Cheibriados [**....]
Gold: 414           SH:  0    Dex: 16    Spells: 4/15 levels left

rFire   + . .      SeeInvis .     - Unarmed
rCold   + . .      Faith    .   (no shield)
rNeg    . . .      Spirit   .   m - +2 robe {rC+ rF+}
rPois   .          Reflect  .   (helmet restricted)
rElec   .          Harm     .   u - scarf {repulsion}
rCorr   +          Rampage  .   (gloves unavailable)
Will    .....                   (boots unavailable)
Stlth   ++........              (no amulet)
HPRegen 0.00/turn               i - ring of resist corrosion
MPRegen 0.13/turn               r - +4 ring of protection

@: sick, lightly drained, repel missiles, very slow
A: large, unfitting armour, claws 3, regeneration 1, shaggy fur 1, tough skin 1
a: Renounce Religion, Bend Time


You were on level 1 of the Abyss.
You worshipped Cheibriados.
Cheibriados was pleased with you.
You visited 2 branches of the dungeon, and saw 10 of its levels.
You visited the Abyss 1 time.

You collected 414 gold pieces.

Inventory:

Missiles
 f - 4 large rocks
 v - a curare-tipped dart
 x - a boomerang (quivered)
Armour
 k - +0 swamp dragon scales
 m - a +2 robe of resistance (worn)
 u - a scarf of repulsion (worn)
 y - +0 steam dragon scales
Jewellery
 a - a ring of fire
 i - a ring of resist corrosion (left claw)
 l - a ring of protection from cold
 r - a +4 ring of protection (right claw)
Wands
 o - a wand of acid (15)
 t - a wand of flame (24)
 w - a wand of paralysis (7)
Scrolls
 d - 9 scrolls of identify
 h - a scroll of enchant armour
 j - a scroll of amnesia
 n - a scroll of magic mapping
 s - 3 scrolls of immolation
Potions
 b - a potion of magic
 c - a potion of curing
 e - a potion of berserk rage
 p - a potion of brilliance {unknown}
 z - a potion of invisibility {unknown}


   Skills:
 * Level 3.2 Fighting
 * Level 1.7 Throwing
 * Level 4.0 Dodging
 + Level 1.8 Stealth
 * Level 8.6 Unarmed Combat
 * Level 3.0 Spellcasting
 * Level 3.0 Conjurations
 * Level 3.1 Transmutations
 * Level 2.2 Ice Magic
 * Level 3.7 Air Magic
 * Level 2.4 Invocations


You had 4 spell levels left.
You knew the following spells:

 Your Spells              Type           Power      Damage    Failure   Level
a - Shock                 Conj/Air       68%        1d7       3%          1
b - Airstrike             Air            9%         N/A       28%         4
c - Ice Form              Ice/Tmut       14%        N/A       41%         4
z - Static Discharge      Conj/Air       17%        N/A       4%          2

Your spell library contained the following spells:

 Spells                   Type           Power      Damage    Failure   Level
 Magic Dart               Conj           64%        1d6       3%          1
 Sting                    Tmut/Pois      36%        1d4       7%          1
 Swiftness                Air            19%        N/A       9%          3
 Poisonous Vapours        Pois/Air       22%        N/A       10%         2
 Passwall                 Tmut/Erth      7%         N/A       11%         2
 Sandblast                Erth           6%         2d5       13%         1
 Slow                     Hex            12%        N/A       13%         1
 Frozen Ramparts          Ice            24%        1d4       16%         3
 Stone Arrow              Conj/Erth      18%        3d8       22%         3
 Confusing Touch          Hex            3%         N/A       36%         3
 Vampiric Draining        Necr           3%         2d6       36%         3
 Fulminant Prism          Conj/Hex       4%         3d6       56%         4
 Iskenderun's Mystic Bla  Conj/Tloc      9%         2d4       56%         4
 Summon Ice Beast         Ice/Summ       7%         N/A       63%         4
 Olgreb's Toxic Radiance  Pois           3%         N/A       78%         4
 Lee's Rapid Deconstruct  Erth           1%         3d5*      98%         5


Dungeon Overview and Level Annotations

Branches:
Dungeon (9/15)             Temple (1/1) D:6
   Lair: D:8-11         Orc: D:9-12

Altars:
Ashenzari
Cheibriados
Dithmenos
Elyvilon
Fedhas
Gozag
Hepliaklqana
Kikubaaqudgha
Nemelex Xobeh
Okawaru
Ru
Sif Muna
Trog
Vehumet
Wu Jian
Xom
Yredelemnul
Zin
The Shining One
Lugonu

Annotations:
D:6 1 runed translucent door, MrShunz's ghost, novice DECj


Innate Abilities, Weirdness & Mutations

You are too large for most types of armour.
You have claws for hands.
Your natural rate of healing is unusually fast.
You are covered in fur. (AC +1)
You have tough skin. (AC +1)


Message History

Throw: boomerang
Press: ? - help, Q - select action, (/) - cycle Shift-Dir - straight line, f - ancient zyme
Aim: an ancient zyme (wandering, hasn't noticed you, 75% to hit)
You throw a boomerang. The boomerang hits the ancient zyme!
The ancient zyme is lightly damaged.
Unknown command.
Unknown command.
You feel ill.
Throw: boomerang
Press: ? - help, Q - select action, (/) - cycle Shift-Dir - straight line, f/p - ancient zyme
Aim: an ancient zyme (lightly damaged, 75% to hit)
You throw a boomerang.
The boomerang hits the ancient zyme but does no damage.
The ancient zyme is lightly damaged.
You claw the large abomination!
The large abomination is moderately damaged.
The large abomination barely misses you.
You claw the large abomination!
The large abomination is heavily damaged.
You barely miss the large abomination.
The large abomination is heavily damaged.
The large abomination hits you!!
You scratch the large abomination but do no damage.
The large abomination is heavily damaged.
The large abomination hits you but does no damage.
You scratch the large abomination.
The large abomination is heavily damaged.
You claw the large abomination!
The large abomination is severely damaged.
The large abomination hits you!!
You mangle the large abomination!!
The large abomination is almost destroyed.
The large abomination hits you!!
* * * LOW HITPOINT WARNING * * *
You closely miss the large abomination.
The large abomination is almost destroyed.
You scratch the large abomination but do no damage.
The large abomination is almost destroyed.
The large abomination hits you!!
You die...

#. ... ## #....# ...
# #... # .#.. # #..
##..# ... . ## ##.#.#
..# . #..#....# . . #
# ## ...# # # x .
.#.# ## #.####.#..#
## . ##.#.#@Xx...# #
. ## .##
##..##..##..# . .
.......... ..... .
.....................
##..##.##.. #..##..#
#. #.. #.##..# ..# .#
. ....... .... .. . .
.#.... _.#. ..##
...#. . # . # ###...
## ..


You could see an ancient zyme and a large abomination.

Vanquished Creatures
  Erica (D:8)
  Pikel (D:4)
  A worldbinder (Abyss:1)
  2 starcursed masses (Abyss:1)
  A smoke demon (Abyss:1)
  Maggie (D:8)
  A wyvern (D:8)
  A steam dragon (D:7)
  Duvessa (D:6)
  A water moccasin (D:5)
  2 orc warriors
  A black bear (D:6)
  An ice beast (D:5)
  2 sky beasts
  3 ogres
  2 centaurs
  2 phantoms (D:7)
  3 kobold brigands
  A bullfrog (D:5)
  2 necrophages
  3 scorpions
  2 wights
  Dowan (D:6)
  5 killer bees (D:9)
  A howler monkey (D:4)
  2 jellies
  8 orc priests
  3 hounds
  3 orc wizards
  4 iguanas
  3 gnolls (D:6)
  3 adders
  2 shadow imps (D:5)
  A white imp (D:6)
  2 ufetubi (D:6)
  A worm (D:2)
  18 orcs
  8 endoplasms
  A giant cockroach (D:1)
  5 hobgoblins
  8 jackals
  21 kobolds
  4 quokkas
  5 ball pythons
  8 bats
  5 frilled lizards
  4 goblins
  6 rats
167 creatures vanquished.

Notes
Turn   | Place    | Note
-------+----------+-------------------------------------------
     0 | D:1      | Morbidden the Troll Air Elementalist began the quest for
                  | the Orb.
     0 | D:1      | Reached XP level 1. HP: 16/16 MP: 1/1
   282 | D:1      | Reached XP level 2. HP: 19/24 MP: 3/3
  1295 | D:2      | Reached XP level 3. HP: 32/32 MP: 4/4
  1410 | D:2      | Learned a level 2 spell: Static Discharge
  1450 | D:2      | Found a shadowy altar of Dithmenos.
  1562 | D:2      | Reached skill level 1 in Unarmed Combat
  1943 | D:3      | Found a faded altar of an unknown god.
  2267 | D:3      | Found a basalt altar of Yredelemnul.
  2500 | D:4      | Reached XP level 4. HP: 40/40 MP: 5/5
  2559 | D:4      | Found a hazy altar of Hepliaklqana.
  2609 | D:4      | Reached skill level 2 in Unarmed Combat
  2629 | D:4      | Reached skill level 1 in Conjurations
  2799 | D:4      | Found a sacrificial altar of Ru.
  2913 | D:4      | Reached XP level 5. HP: 19/46 MP: 6/6
  3064 | D:4      | Reached skill level 1 in Fighting
  3104 | D:4      | Noticed Pikel
  3104 | D:4      | Noticed a lemure
  3104 | D:4      | Noticed a lemure
  3105 | D:4      | Noticed a lemure
  3106 | D:4      | Noticed a lemure
  3116 | D:4      | HP: 2/48 [Pikel/+1 whip of flaming (8)]
  3125 | D:4      | Killed Pikel
  3126 | D:4      | Reached skill level 4 in Unarmed Combat
  3126 | D:4      | Reached XP level 6. HP: 6/55 MP: 6/8
  3126 | D:4      | Reached XP level 7. HP: 7/62 MP: 6/9
  3580 | D:5      | Entered Level 5 of the Dungeon
  3597 | D:5      | Learned a level 4 spell: Ice Form
  3665 | D:5      | Reached skill level 5 in Unarmed Combat
  3859 | D:5      | Reached skill level 1 in Transmutations
  3865 | D:6      | Noticed MrShunz's ghost (novice DECj)
  3865 | D:6      | Found a runed translucent door.
  3865 | D:6      | Found a staircase to the Ecumenical Temple.
  3870 | D:6      | Noticed Duvessa
  3871 | D:6      | Noticed Dowan
  3879 | Temple   | Entered the Ecumenical Temple
  3909 | Temple   | Became a worshipper of Cheibriados the Contemplative
  3933 | D:6      | Killed Duvessa
  3934 | D:6      | Reached XP level 8. HP: 58/72 MP: 10/10
  3935 | D:6      | Killed Dowan
  3936 | D:6      | Reached skill level 1 in Ice Magic
  4382 | D:6      | Reached skill level 6 in Unarmed Combat
  4595 | D:6      | Reached skill level 1 in Invocations
  4893 | D:5      | Reached * piety under Cheibriados
  5010 | D:5      | Found a glowing silver altar of Zin.
  5118 | D:5      | Identified the +7 trident of Termination {vorpal, Fragile
                  | rCorr Str+7}
  5176 | D:5      | Reached XP level 9. HP: 65/80 MP: 11/11
  5430 | D:6      | Reached skill level 7 in Unarmed Combat
  5492 | D:6      | Found an opulent altar of Gozag.
  5492 | D:6      | Found a sparkling altar of Nemelex Xobeh.
  5771 | D:7      | Found a blossoming altar of Fedhas.
  5932 | D:7      | Found a radiant altar of Vehumet.
  5932 | D:7      | Found an ancient bone altar of Kikubaaqudgha.
  5952 | D:7      | Found a shimmering blue altar of Sif Muna.
  5957 | D:7      | Reached ** piety under Cheibriados
  5970 | D:7      | Got Vehumet's Guide on Attacks
  6342 | D:7      | Reached skill level 1 in Throwing
  6627 | D:8      | Noticed Maggie
  6732 | D:8      | Reached skill level 8 in Unarmed Combat
  6816 | D:8      | Noticed Erica
  6821 | D:8      | Killed Erica
  6822 | D:8      | Reached XP level 10. HP: 58/91 MP: 13/13
  6841 | D:9      | Learned a level 4 spell: Airstrike
  7077 | D:8      | Killed Maggie
  7128 | D:8      | Cast into level 1 of the Abyss (wight)
  7132 | Abyss:1  | Found a corrupted altar of Lugonu.
  7148 | Abyss:1  | Noticed a smoke demon
  7156 | Abyss:1  | Killed a smoke demon
  7254 | Abyss:1  | Noticed a bone dragon
  7304 | Abyss:1  | Noticed a starcursed mass
  7311 | Abyss:1  | Noticed a worldbinder
  7318 | Abyss:1  | Killed a worldbinder
  7333 | Abyss:1  | Killed a starcursed mass
  7336 | Abyss:1  | Killed a starcursed mass
  7400 | Abyss:1  | Found a corrupted altar of Lugonu.
  7455 | Abyss:1  | Mangled by a large abomination

Illustrated notes

Levels and vault maps discovered:
D:1:      dpeg_arrival_line_fractal, layout_basic
D:2:      layout_loops_cross, basic_altar, minmay_pentomino_v2
D:3:      layout_basic, mainiacjoe_overflow_paths,
          chequers_ecumenical_altar_island
D:4:      layout_loops_corners, mainiacjoe_overflow_alcove_4,
          general_overflow_altar, uniq_pikel
D:5:      layout_basic, kennysheep_mini_moat
D:6:      layout_cave_pods, grunt_temple_overflow_opulence,
          minmay_temple_entry_glass, gammafunk_ghost_grave, uniq_duvessa
D:7:      layout_loops_ring, grunt_temple_overflow_magic_moments, fedhas_altar_2
D:8:      layout_basic, marbit_many_paths, dancing_weapons_uskayaw,
          serial_co_window_serial, co_window_corner_a, co_window_paths_b,
          co_window_paths_a, co_window_paths_a, co_window_corner_a,
          co_window_corner_a, co_window_paths_a, co_window_2corner,
          co_window_of_opportunity_c, co_window_unsneaky_path_b,
          co_window_4corner_a, co_window_paths_d, minmay_misc_feat_more_columns,
          uniq_grum, uniq_maggie, uniq_erica
D:9:      layout_roguey, old_standard_altar, kennysheep_generic_room_14
Temple:   corrupted_temple
Abyss:1:  base:
D:7

Skill      XL: |  1  2  3  4  5  6  7  8  9 10 |
---------------+-------------------------------+-----
Unarmed Combat | 1 2 4 5 6 8 |  8.6
Dodging        | 2 3 4 |  4.0
Conjurations   | 1 2 3 |  3.0
Fighting       | 1 2 3 |  3.2
Spellcasting   | 2 3 |  3.0
Air Magic      | 3 |  3.7
Transmutations | 1 2 3 |  3.1
Ice Magic      | 1 2 |  2.2
Invocations    | 1 2 |  2.4
Throwing       | 1 |  1.7
Stealth        | |  1.8

Action                   |  1- 3 |  4- 6 |  7- 9 | 10-12 || total
-------------------------+-------+-------+-------+-------++-------
Melee: Unarmed           |   164 |    55 |   316 |    86 ||   621
       Punch             |       |       |     9 |     3 ||    12
Throw: Large rock        |       |       |     8 |       ||     8
       Boomerang         |       |       |     8 |     6 ||    14
 Cast: Shock             |     8 |       |    43 |     1 ||    52
  Use: Potion            |       |     3 |     2 |     4 ||     9
       Scroll            |       |       |     7 |     1 ||     8
 Stab: Sleeping          |     4 |     2 |     3 |       ||     9
       Distracted        |       |       |     1 |       ||     1
Armor: Robe              |    62 |     4 |   134 |    34 ||   234
Dodge: Dodged            |    68 |    25 |   135 |    40 ||   268
       Repelled          |       |       |       |     1 ||     1

Table legend: (Time is in decaauts)
 A = Elapsed time spent in this place.
 B = Non-inter-level travel time spent in this place.
 C = Inter-level travel time spent in this place.
 D = Time resting spent in this place.
 E = Time spent auto-exploring this place.
 F = Levels seen in this place.
 G = Mean time per level.
                   A        B        C        D        E       F      G
               +--------+--------+--------+--------+--------+-----+--------+
         Total |   8488 |   8308 |    180 |    621 |   6141 |  11 |  771.6 |
       Dungeon |   8011 |   7831 |    180 |    514 |   5895 |   9 |  890.1 |
        Temple |     47 |     47 |      0 |     13 |      0 |   1 |   47.0 |
         Abyss |    430 |    430 |      0 |     94 |    246 |   1 |  430.0 |
               +--------+--------+--------+--------+--------+-----+--------+

Top non-repeatable levels by time:
     D:6: 1475 daAuts
     D:1: 1229 daAuts
     D:4: 1100 daAuts
     D:5: 1096 daAuts
     D:7: 981 daAuts
     D:8: 717 daAuts
     D:2: 651 daAuts
     D:3: 603 daAuts
 Abyss:1: 430 daAuts
     D:9: 154 daAuts
  Temple: 47 daAuts
